 Dungeon Crawl Stone Soup version 0.21.1-1-g345015f (webtiles) character file.

3724 glosham the Cleaver (level 10, 0/94 HPs)
             Began as an Octopode Berserker on Apr 7, 2018.
             Was a High Priest of Trog.
             Slain by a yak (11 damage)
             ... on level 8 of the Dungeon.
             The game lasted 01:04:10 (3706 turns).

glosham the Cleaver (Octopode Berserker)            Turns: 3706, Time: 01:04:10

Health: 0/94       AC:  1    Str: 24    XL:     10   Next: 14%
Magic:  10/10      EV: 20    Int: 10    God:    Trog [*****.]
Gold:   265        SH:  0    Dex: 12    Spells: 9/9 levels left

rFire    . . .     SeeInvis .   b - +2 morningstar (vamp)
rCold    . . .     Gourm    +   (no shield)
rNeg     . . .     Faith    .   (helmet restricted)
rPois    .         Spirit   .   z - amulet of the gourmand
rElec    .         Reflect  .   A - +6 ring of evasion
rCorr    .         Harm     .   (no ring)
MR       .....                  (no ring)
Stlth    ..........             (no ring)
HPRegen  0.25/turn              (no ring)
MPRegen  0.12/turn              (no ring)
                                (no ring)
                                (no ring)

@: berserking (expiring), very quick
A: almost no armour, stealthy swim, amphibious, 8 rings, constrict 8, camouflage
1, gelatinous body 1
a: Berserk, Trog's Hand, Brothers in Arms, Burn Spellbooks, Renounce Religion


You were on level 8 of the Dungeon.
You worshipped Trog.
Trog was extremely pleased with you.
You were not hungry.

You visited 1 branch of the dungeon, and saw 8 of its levels.
You also visited: Ossuary.

You collected 265 gold pieces.

Inventory:

Hand Weapons
 a - a +3 war axe of electrocution
 b - a +2 vampiric morningstar (weapon)
 c - a +2 scythe of protection
Missiles
 h - 2 throwing nets (quivered)
 r - 36 poisoned needles
Jewellery
 e - an uncursed ring of ice
 z - an amulet of the gourmand (around mantle)
 A - a +6 ring of evasion (left tentacle)
Wands
 g - a wand of flame (21)
 q - a wand of paralysis (10)
 y - a wand of polymorph (16)
Scrolls
 l - 4 scrolls of remove curse
 p - 2 scrolls of blinking
 t - a scroll of identify
 u - a scroll of amnesia
 v - a scroll of teleportation
Potions
 f - a potion of agility
 j - 2 potions of magic
 k - a potion of brilliance {unknown}
 m - a potion of heal wounds
 n - 9 potions of curing
 o - a potion of ambrosia
 s - a potion of berserk rage {!q}
 w - a potion of invisibility
 x - a potion of might
Comestibles
 d - 15 rations
 i - 18 chunks of flesh


   Skills:
 - Level 3.0 Fighting
 * Level 13.9 Axes
 - Level 3.0 Dodging


You had 9 spell levels left.
You didn't know any spells.

Dungeon Overview and Level Annotations

Branches:
Dungeon (8/15)             Temple (0/1) D:6
   Lair: D:8-11

Altars:
Ashenzari
Hepliaklqana
Okawaru
Ru
Vehumet
Xom


Innate Abilities, Weirdness & Mutations

You cannot wear most types of armour.
You are very stealthy in the water. (Stealth+)
You are amphibious.
You can wear up to eight rings at the same time.
You can use your tentacles to constrict eight enemies at once.
Your skin changes colour to match your surroundings (Stealth+).
Your rubbery body absorbs attacks. (AC +1, EV +1)


Message History

You hit the death yak.
You feel better.
You squeeze the death yak!
The death yak is lightly wounded.
You thump the death yak! You squeeze the death yak.
The death yak is moderately wounded.
The death yak gores you. The yak gores you.
You sock the death yak!
You feel better.
You squeeze the death yak!
The death yak is heavily wounded.
The death yak barely misses you. The yak closely misses you. The yak gores you!
You thump the death yak!
You feel better.
The death yak is severely wounded.
You hit the death yak.
The death yak is severely wounded.
The death yak gores you! The yak gores you. The yak gores you!
* * * LOW HITPOINT WARNING * * *
You bludgeon the death yak!!
You feel better.
You kill the death yak!
Trog accepts your kill.
You have reached level 10!
You feel agile. The yak barely misses you. x2
You puncture the yak! Your squeeze misses the yak.
The yak is moderately wounded.
You completely miss the yak.
The yak is moderately wounded.
The yak closely misses you. The yak barely misses you.
You thump the yak!
You feel better.
You squeeze the yak!
The yak is almost dead.
The yak gores you!
* * * LOW HITPOINT WARNING * * *
The yak completely misses you.
You impale the yak!!
You feel better.
You kill the yak!
Trog accepts your kill.
You barely miss the yak. You squeeze the yak!
The yak is moderately wounded.
The yak barely misses you.
You sock the yak!
The yak is heavily wounded.
The yak gores you!
You die...

###≈§§....#.#
###....§§§§.(.#
#...#≈..§§§≈#
#...#≈≈.)§.≈#
#...#≈≈≈..≈≈#
#...####.####..
###.....<)...>....
###.......)###≈##.#.
#........Y@# ≈#
#........††# #
#########..# #
.........## ≈###
.........###≈≈.#.$
##......<.#..≈....
##...###....≈≈...
#).. ###.?≈.... ###.
..≈≈...


You could see a yak.

Vanquished Creatures
  A death yak (D:8)
  2 hippogriffs
  Sigmund (D:5)
  The ghost of buskinjo the Ogre Mage, an amateur OgAE (D:3)
  2 yaks (D:8)
  An orc warrior (D:7)
  A necrophage (D:5)
  A sky beast (D:5)
  2 ogres
  A centaur (D:5)
  A bullfrog (D:7)
  2 water moccasin zombies (Ossuary)
  A scorpion (D:5)
  3 howler monkeys
  4 wights (D:8)
  An electric eel (D:8)
  3 crimson imps (D:5)
  A centaur zombie (D:5)
  A hound (D:8)
  4 orc priests
  2 jellies
  Natasha (thrice) (D:3)
  8 orc wizards
  4 worker ants
  A big kobold zombie (Ossuary)
  3 mummies
  5 gnolls
  5 adders
  3 white imps (D:8)
  2 ufetubi (D:8)
  2 oozes (D:3)
  6 adder zombies (Ossuary)
  An adder skeleton (D:5)
  2 worms
  2 dart slugs
  3 leopard geckos
  22 orcs
  2 ball pythons (D:5)
  6 bats
  4 giant cockroaches
  10 goblins
  7 hobgoblins
  11 jackals
  4 kobolds
  4 quokkas
  A ball python skeleton (D:5)
  8 frilled lizards
  6 gnoll zombies (Ossuary)
  10 hobgoblin zombies (Ossuary)
  4 kobold zombies (Ossuary)
  2 leopard gecko skeletons
  2 orc zombies (Ossuary)
  5 rats
194 creatures vanquished.

Notes
Turn   | Place    | Note
-------+----------+-------------------------------------------
     0 | D:1      | glosham the Octopode Berserker began the quest for the Orb.
     0 | D:1      | Reached XP level 1. HP: 16/16 MP: 1/1
   185 | D:1      | Reached XP level 2. HP: 20/21 MP: 2/2
   453 | D:3      | Reached skill level 4 in Axes
   505 | D:3      | Reached XP level 3. HP: 26/26 MP: 3/3
   585 | D:4      | Reached skill level 5 in Axes
   585 | D:4      | Reached XP level 4. HP: 9/31 MP: 4/4
   606 | D:4      | Noticed a hippogriff
   706 | D:4      | Reached XP level 5. HP: 21/36 MP: 5/5
   711 | D:4      | HP: 5/54 [gnoll (9)]
   831 | D:3      | Noticed buskinjo's ghost (amateur OgAE)
   846 | D:3      | Killed buskinjo's ghost
   846 | D:3      | Reached ** piety under Trog
   846 | D:3      | Reached skill level 6 in Axes
   846 | D:3      | Reached XP level 6. HP: 32/42 MP: 6/6
   914 | D:4      | Killed a hippogriff
   914 | D:4      | Reached skill level 7 in Axes
   914 | D:4      | Reached XP level 7. HP: 46/46 MP: 7/7
   937 | D:4      | Found a sand-covered staircase.
   974 | Ossuary  | Entered an ossuary
  1039 | Ossuary  | Reached skill level 8 in Axes
  1304 | D:3      | Reached *** piety under Trog
  1406 | D:2      | You fall through a shaft for 2 floors!
  1419 | D:5      | Entered Level 5 of the Dungeon
  1443 | D:5      | Reached skill level 9 in Axes
  1484 | D:5      | Found a shimmering altar of Xom.
  1485 | D:5      | Found a hazy altar of Hepliaklqana.
  1485 | D:5      | Noticed a tentacled monstrosity
  1486 | D:5      | Noticed a tentacled monstrosity
  1486 | D:5      | Noticed a spectral ugly thing
  1509 | D:5      | Reached XP level 8. HP: 52/52 MP: 8/8
  1656 | D:6      | Found a staircase to the Ecumenical Temple.
  1796 | D:7      | Reached skill level 10 in Axes
  1801 | D:7      | HP: 1/52 [something/puff of frost (13)]
  1894 | D:5      | Reached **** piety under Trog
  2182 | D:3      | Noticed Natasha
  2187 | D:3      | Killed Natasha
  2193 | D:3      | Noticed Natasha
  2196 | D:3      | Killed Natasha
  2511 | D:2      | Reached skill level 11 in Axes
  2774 | D:2      | Found an iron altar of Okawaru.
  2826 | D:2      | Reached ***** piety under Trog
  2887 | D:3      | Noticed Natasha
  2899 | D:3      | Killed Natasha
  2921 | D:3      | Found a shattered altar of Ashenzari.
  2921 | D:3      | Found a radiant altar of Vehumet.
  3030 | D:3      | Found a sacrificial altar of Ru.
  3131 | D:3      | You fall through a shaft!
  3332 | D:5      | Reached XP level 9. HP: 54/56 MP: 9/9
  3444 | D:5      | Noticed Sigmund
  3450 | D:5      | Killed Sigmund
  3536 | D:7      | Reached skill level 12 in Axes
  3651 | D:8      | Reached skill level 13 in Axes
  3682 | D:8      | Noticed a death yak
  3700 | D:8      | Killed a death yak
  3700 | D:8      | Reached XP level 10. HP: 19/63 MP: 10/10
  3703 | D:8      | HP: 8/94 [yak (15)]
  3706 | D:8      | Slain by a yak

Skill      XL: |  1  2  3  4  5  6  7  8  9 |
---------------+----------------------------+-----
Axes           | 4 5 6 7 9 11 13 | 13.9
Fighting       | |  3.0
Dodging        | |  3.0

Action                   |  1- 3 |  4- 6 |  7- 9 | 10-12 || total
-------------------------+-------+-------+-------+-------++-------
Melee: Hand axe          |    28 |    12 |       |       ||    40
       Constrict         |     8 |     6 |    73 |       ||    87
       Tentacles         |    10 |     3 |    44 |     2 ||    59
       Morningstar       |       |    17 |   152 |     6 ||   175
       War axe           |       |       |   144 |       ||   144
Invok: Berserk           |     1 |     3 |     6 |       ||    10
Evoke: Wand              |       |       |     2 |       ||     2
  Use: Scroll            |     3 |       |    16 |       ||    19
       Potion            |       |       |     1 |       ||     1
 Stab: Sleeping          |     3 |     1 |    14 |       ||    18
       Distracted        |       |       |     1 |       ||     1
  Eat: Chunk             |     3 |    11 |    29 |       ||    43
Armor: Skin              |     1 |     1 |     5 |       ||     7
Dodge: Dodged            |    13 |    14 |   180 |     6 ||   213

Table legend:
 A = Turns spent in this place as a percentage of turns spent in the entire game.
 B = Non-inter-level travel turns spent in this place as a percentage of non-inter-level travel turns spent in the entire game.
 C = Inter-level travel turns spent in this place as a percentage of turns spent in this place.
 D = Turns resting spent in this place as a percentage of non-inter-level travel turns spent in this place.
 E = Turns spent auto-exploring this place as a percentage of non-inter-level travel turns spent in this place.
 F = Non-inter-level travel turns spent in this place divided by the number of levels of this place that you've seen.
                   A       B       C       D       E      F
               +-------+-------+-------+-------+-------+----------------------
         Total | 100.0 | 100.0 |   5.2 |   0.2 |   0.0 | 390.4
       Dungeon |  95.4 |  95.2 |   5.4 |   0.2 |   0.0 | 418.0
       Ossuary |   4.6 |   4.8 |   0.0 |   0.0 |   0.0 | 170.0
               +-------+-------+-------+-------+-------+----------------------

Table legend:
 A = Kills in this place as a percentage of kills in entire the game.
 B = Kills by you in this place as a percentage of kills by you in the entire game.
 C = Kills by friends in this place as a percentage of kills by friends in the entire game.
 D = Other kills in this place as a percentage of other kills in the entire game.
 E = Experience gained in this place as a percentage of experience gained in the entire game.
 F = Experience gained in this place divided by the number of levels of this place that you have seen.
                   A       B       C       D       E      F
               +-------+-------+-------+-------+-------+----------------------
         Total | 100.0 | 100.0 |   N/A |   N/A | 100.0 | 591.2
       Dungeon |  83.0 |  83.0 |   N/A |   N/A |  94.9 | 631.2
       Ossuary |  17.0 |  17.0 |   N/A |   N/A |   5.1 | 271.0
               +-------+-------+-------+-------+-------+----------------------

Vault maps used:
D:1:      nagdon_arrival_double_spiral
D:2:      okawaru_altar_gauntlet_db
D:3:      nicolae_ru_great_annihilating_truth, gammafunk_temple_overflow_pools,
          uniq_natasha
D:4:      gup_ossuary_entry_pyramid, hangedman_abyss_or_decor_lesser_grid
D:5:      regret_index_temple_of_mockery, first_ration, sigmund_army
D:6:      chequers_temple_overflow_minitemple, temple_statues,
          minmay_misc_feat_tiny
D:7:      grunt_ministairs_1
D:8:      kennysheep_ambush_hall, eat_drink_and_be_merry_uskayaw,
          nicolae_overflow_crystal_walls, lair_entry_dummy, serial_ice,
          serial_ice_k, serial_ice_b, serial_ice_h, serial_ice_m, serial_ice_n,
          serial_ice_e
Ossuary:  ossuary_tomb_2
